 Dungeon Sprint DCSS version 0.17-a0-1636-g3119f2b (webtiles) character file.

3584 Kidiri the Covert (level 9, 0/39 HPs)
             Began as a Spriggan Enchanter on Aug 6, 2015.
             Was a Priest of Dithmenos.
             Splashed by an oklob plant shifter's acid (13 damage)
             ... in the Dungeon (Sprint IV: "Fedhas' Mad Dash").
             The game lasted 00:08:13 (1141 turns).

Kidiri the Covert (Spriggan Enchanter)              Turns: 1141, Time: 00:08:13

Health: 0/39       AC: -1    Str:  7    XL:     9   Next: 85%
Magic:  19/25      EV: 30    Int: 18    God:    Dithmenos [***...]
Gold:   177        SH:  0    Dex: 18    Spells: 10 memorised, 0 levels left

rFire  . . .     SeeInvis +     a - +1 dagger
rCold  . . .     Clarity  .     b - +1 robe
rNeg   . . .     SustAt   .     (shield restricted)
rPois  .         Gourm    .     (helmet restricted)
rElec  .         Spirit   .     (no cloak)
rCorr  .         Warding  .     (gloves unavailable)
rMut   .         NoTele   +     (boots unavailable)
MR     +....                    (no amulet)
Stlth  +++++++++.               l - ring of the Kraken {Str+3 SInv}
                                i - ring of invisibility

@: corroded equipment, very slightly contaminated, wreathed by umbra, very
quick, somewhat resistant to hostile enchantments, incredibly stealthy
A: unfitting armour, see invisible, herbivore 3, speed 3, slow metabolism 2
a: Shadow Step, Renounce Religion, Evoke Invisibility


You were in the Dungeon.
You worshipped Dithmenos.
Dithmenos was most pleased with you.
You were not hungry.

You visited 1 branch You collected 177 gold pieces.

Inventory:

Hand weapons
 a - a +1 dagger (weapon)
Armour
 b - a +1 robe (worn)
Jewellery
 e - a +2 ring of protection
 i - a ring of invisibility (left hand)
 l - the ring of the Kraken (right hand) {Str+3 SInv}
   (You found it in the Dungeon)

   [ring of strength]

   It affects your strength (+3).
   It lets you see invisible.
 n - an uncursed ring of wizardry
Scrolls
 j - a scroll of blinking
Potions
 f - a potion of heal wounds
 g - a potion of haste
 h - a potion of magic
 m - a potion of agility {unknown}
Books
 c - a book of Maledictions

   Spells                             Type                      Level
   a - Corona                         Hexes                        1
   b - Ensorcelled Hibernation        Hexes/Ice                    2
   c - Confuse                        Hexes                        3
   d - Tukima's Dance                 Hexes                        3
   e - Dazzling Spray                 Conjuration/Hexes            3
 o - a book of Alchemy

   Spells                             Type                      Level
   a - Sublimation of Blood           Necromancy                   2
   b - Ignite Poison                  Fire/Transmutation/Poison    3
   c - Alistair's Intoxication        Transmutation/Poison         4
   d - Condensation Shield            Ice                          4
   e - Petrify                        Transmutation/Earth          4
   f - Irradiate                      Conjuration/Transmutation    5
Comestibles
 d - a bread ration
 k - 2 royal jellies


   Skills:
 + Level 7.6 Short Blades
 * Level 13.4 Dodging
 * Level 14.7 Stealth
 * Level 11.8 Spellcasting
 + Level 4.4 Conjurations
 + Level 9.0 Hexes
 + Level 0.0 Necromancy
 + Level 0.0 Transmutations
 + Level 5.5 Ice Magic
 + Level 0.0 Earth Magic
 + Level 0.0 Poison Magic
 + Level 6.0 Invocations
 + Level 8.4 Evocations


You couldn't memorise any spells.
You knew the following spells:

 Your Spells              Type           Power        Failure   Level  Hunger
a - Corona                Hex            #####..      1%          1    None
b - Ensorcelled Hibernat  Hex/Ice        #####.       1%          2    None
c - Confuse               Hex            #####...     1%          3    None
d - Tukima's Dance        Hex            #####...     1%          3    None
e - Dazzling Spray        Conj/Hex       ####....     1%          3    None
f - Condensation Shield   Ice            ####......   8%          4    ##.....
g - Sublimation of Blood  Necr           ##........   12%         2    None
h - Alistair's Intoxicat  Trmt/Pois      ##......     78%         4    ##.....
i - Petrify               Trmt/Erth      ##......     78%         4    ##.....
j - Irradiate             Conj/Trmt      ###.......   78%         5    ####...


Dungeon Overview and Level Annotations

Branches:
Dungeon (1/1)

Altars:
Cheibriados
Dithmenos
Elyvilon
Gozag
Kikubaaqudgha
Makhleb
Nemelex Xobeh
Okawaru
Qazlal
Ru
Sif Muna
Trog
Vehumet
Xom
Yredelemnul
Zin
The Shining One
Beogh
Jiyva
Lugonu

Shops:
D *=%%

Annotations:
D exclusion: 3 oklob plants


Innate Abilities, Weirdness & Mutations

You are tiny and cannot use many weapons and most armour.
You have supernaturally acute eyesight.
You are a herbivore.
You cover ground extremely quickly.
You need consume almost no food.


Message History

You destroy the active ballistomycete!
You see here a shield.
You open the door.
Marking area around the oklob plant as unsafe for travelling.
Marking area around the oklob plant summoner as unsafe for travelling. 2 oklob plants come into view.
Found 27 gold pieces.
Marking area around the oklob plant shifter as unsafe for travelling.
An oklob plant shifter comes into view.
Found 18 gold pieces and a scroll labeled DETUTO JEYTWABB.
There is an open door here.
Use which ability? (? or * to list)
Aiming: Shadow Step
Press: ? - help, Dir - move target cursor, f - oklob plant
Aim: an oklob plant (resting, umbra)
You step into the oklob plant's shadow.
You flicker back into view.
The oklob plant shifter spits acid at you.
The splash of acid hits you! The acid corrodes you!
The acid burns!
You die...

##########################
........⌠.#..'...#....##∩#
_._._._._.').#...#....'.|#
._._._._._#.)###'##.)(##∩#
_._._._._.#.(##∩∩.'...####
..._....⌠.#############
###############..P.$?#
♣♣..♣)###.'.['..@..$$+
..♣..♣##..#..#.P....P#
♣♣.♣[.###.##+##.P.P..#
[♣...♣'...# ########
###########


You could see an oklob plant (dormant), an oklob plant shifter and an oklob
plant summoner (dormant).

Vanquished Creatures
  A spriggan druid (D)
  3 oklob plants (D)
  3 burning bushes (D)
  3 wandering mushrooms (D)
  A queen bee (D)
  2 scorpions (D)
  4 killer bees (D)
  5 oklob saplings (D)
  A worker ant (D)
  2 spriggans (D)
  A river rat (D)
  A rat (D)
  A ballistomycete (D)
28 creatures vanquished.

Vanquished Creatures (others)
  A giant spore (D)
1 creature vanquished.

Grand Total: 29 creatures vanquished

Notes
Turn   | Place    | Note
--------------------------------------------------------------
     0 | D        | Kidiri the Spriggan Enchanter began the quest for the Orb.
     0 | D        | Reached XP level 1. HP: 9/9 MP: 5/5
    23 | D        | Reached skill level 5 in Stealth
    23 | D        | Reached XP level 2. HP: 13/13 MP: 5/7
    65 | D        | Learned a level 2 spell: Ensorcelled Hibernation
    68 | D        | Noticed an oklob sapling
    70 | D        | Killed an oklob sapling
    70 | D        | Reached skill level 5 in Dodging
    70 | D        | Reached skill level 6 in Stealth
    70 | D        | Reached skill level 1 in Ice Magic
    70 | D        | Reached XP level 3. HP: 16/16 MP: 8/10
    73 | D        | Noticed a worker ant
    75 | D        | Killed a worker ant
    75 | D        | Reached skill level 7 in Stealth
    75 | D        | Reached skill level 5 in Spellcasting
    98 | D        | Found a snail-covered altar of Cheibriados.
    98 | D        | Found a glowing silver altar of Zin.
    98 | D        | Found a white marble altar of Elyvilon.
    98 | D        | Found a viscous altar of Jiyva.
    98 | D        | Found a radiant altar of Vehumet.
    98 | D        | Found a deep blue altar of Sif Muna.
    98 | D        | Found an ancient bone altar of Kikubaaqudgha.
    98 | D        | Found a bloodstained altar of Trog.
    98 | D        | Found a corrupted altar of Lugonu.
    98 | D        | Noticed an oklob sapling priest
    99 | D        | Found a burning altar of Makhleb.
    99 | D        | Found a sacrificial altar of Ru.
   100 | D        | Found a glowing golden altar of the Shining One.
   100 | D        | Found a sparkling altar of Nemelex Xobeh.
   101 | D        | Found a shadowy altar of Dithmenos.
   102 | D        | Found an iron altar of Okawaru.
   102 | D        | Found a shimmering altar of Xom.
   103 | D        | Found an opulent altar of Gozag.
   104 | D        | Found a basalt altar of Yredelemnul.
   104 | D        | Found a roughly hewn altar of Beogh.
   105 | D        | Killed an oklob sapling priest
   105 | D        | Reached skill level 8 in Stealth
   105 | D        | Reached skill level 5 in Hexes
   105 | D        | Reached XP level 4. HP: 21/21 MP: 9/13
   106 | D        | Found a stormy altar of Qazlal.
   111 | D        | Became a worshipper of Dithmenos the Shadowed
   116 | D        | Learned a level 3 spell: Confuse
   120 | D        | Learned a level 3 spell: Tukima's Dance
   124 | D        | Learned a level 3 spell: Dazzling Spray
   143 | D        | Noticed an oklob sapling wizard
   146 | D        | Killed an oklob sapling wizard
   146 | D        | Reached XP level 5. HP: 24/24 MP: 11/14
   150 | D        | Noticed a scorpion
   160 | D        | Reached skill level 1 in Invocations
   161 | D        | Reached skill level 9 in Stealth
   161 | D        | Reached skill level 1 in Conjurations
   165 | D        | Killed a scorpion
   330 | D        | Found Leroll's Jewellery Shop.
   330 | D        | Found Jomus's Assorted Antiques.
   335 | D        | Noticed a burning bush
   335 | D        | Noticed a wandering mushroom
   336 | D        | Noticed a scorpion
   336 | D        | Noticed a wandering mushroom
   338 | D        | Killed a wandering mushroom
   338 | D        | Reached skill level 5 in Short Blades
   338 | D        | Reached skill level 10 in Stealth
   338 | D        | Reached XP level 6. HP: 28/28 MP: 15/18
   340 | D        | Killed a wandering mushroom
   340 | D        | Reached skill level 10 in Dodging
   340 | D        | Reached skill level 11 in Stealth
   340 | D        | Reached skill level 5 in Evocations
   340 | D        | Reached XP level 7. HP: 32/32 MP: 16/20
   343 | D        | Killed a burning bush
   345 | D        | Killed a scorpion
   493 | D        | Found Quacuan's Food Emporium.
   493 | D        | Found Nashramych's Food Shoppe.
   626 | D        | Noticed an oklob sapling
   629 | D        | Killed an oklob sapling
   629 | D        | Reached skill level 12 in Stealth
   629 | D        | Reached XP level 8. HP: 36/36 MP: 19/22
   645 | D        | Noticed a queen bee
   645 | D        | Noticed a killer bee
   646 | D        | Noticed a killer bee
   647 | D        | Noticed a killer bee
   649 | D        | Noticed a killer bee
   655 | D        | Killed a killer bee
   655 | D        | Acquired Dithmenos's first power
   657 | D        | Killed a killer bee
   660 | D        | Killed a queen bee
   662 | D        | Killed a killer bee
   671 | D        | Killed a killer bee
   671 | D        | Reached skill level 10 in Spellcasting
   768 | D        | Noticed an oklob plant
   771 | D        | Killed an oklob plant
   771 | D        | Reached skill level 13 in Stealth
   778 | D        | Identified a scroll of acquirement
   793 | D        | Noticed a burning bush
   797 | D        | Killed a burning bush
   797 | D        | Acquired Dithmenos's second power
   797 | D        | Reached skill level 5 in Invocations
   797 | D        | Reached XP level 9. HP: 39/39 MP: 21/24
   799 | D        | Got a slimy platinum ring
   801 | D        | Identified the ring of the Kraken {Str+3 SInv} (You found it in the Dungeon)
   811 | D        | Noticed an oklob sapling
   811 | D        | Noticed a burning bush
   811 | D        | Noticed an oklob plant
   812 | D        | Noticed a wandering mushroom
   813 | D        | Killed a burning bush
   813 | D        | Reached skill level 5 in Ice Magic
   817 | D        | Killed an oklob plant
   817 | D        | Reached skill level 14 in Stealth
   818 | D        | Killed an oklob sapling
   819 | D        | Killed a wandering mushroom
   982 | D        | Noticed a spriggan druid
   984 | D        | Killed a spriggan druid
   998 | D        | Noticed an oklob plant conjurer
  1000 | D        | Killed an oklob plant conjurer
  1009 | D        | Learned a level 4 spell: Condensation Shield
  1012 | D        | Learned a level 2 spell: Sublimation of Blood
  1017 | D        | Learned a level 4 spell: Alistair's Intoxication
  1022 | D        | Learned a level 4 spell: Petrify
  1028 | D        | Learned a level 5 spell: Irradiate
  1138 | D        | Noticed an oklob plant
  1138 | D        | Noticed an oklob plant summoner
  1139 | D        | Noticed an oklob plant shifter
  1141 | D        | Splashed by an oklob plant shifter's acid

Vault maps used:
D:        dungeon_sprint_fedhas

Action                   |  1- 3 |  4- 6 |  7- 9 || total
-------------------------+-------+-------+-------++-------
Melee: Dagger            |    16 |     6 |    38 ||    60
 Cast: Corona            |     1 |       |       ||     1
       Dazzling Spray    |       |     4 |     4 ||     8
       Ensorcelled Hiber |       |     2 |     3 ||     5
       Confuse           |       |       |     1 ||     1
       Condensation Shie |       |       |     1 ||     1
Invok: Shadow Step       |       |       |     2 ||     2
 Abil: Evoke Invisibilit |     1 |     2 |     5 ||     8
  Use: Potion            |     2 |     1 |       ||     3
       Scroll            |       |       |     2 ||     2
 Stab: Sleeping          |     3 |     3 |    11 ||    17
       Invisible         |       |     1 |     2 ||     3
       Confused          |       |       |     2 ||     2
  Eat: Pizza             |       |       |     1 ||     1
       Royal jelly       |       |       |     1 ||     1
